 Dungeon Crawl Stone Soup version 0.27-a0-1256-gced786f65e (webtiles) character file.

Game seed: 14429310548760131971

5593 hilljack the Geomancer (level 10, -4/50 HPs)
             Began as a Gargoyle Earth Elementalist on June 11, 2021.
             Was a Believer of Lugonu.
             Slain by a yak (10 damage)
             ... on level 9 of the Dungeon.
             The game lasted 00:35:17 (11627 turns).

hilljack the Geomancer (GrEE)                      Turns: 11627, Time: 00:35:18

Health: -4/50      AC: 16    Str: 18    XL:     10   Next: 73%
Magic:  10/17      EV: 12    Int: 18    God:    Lugonu [**....]
Gold:   892        SH:  0    Dex: 11    Spells: 0/19 levels left

rFire    . . .     SeeInvis .   r - +4 mace (freeze)
rCold    + . .     Faith    .   (no shield)
rNeg     + . .     Spirit   .   H - +2 robe {rC+}
rPois    ∞         Reflect  .   h - +0 helmet
rElec    +         Harm     .   q - +2 cloak
rCorr    .         Rampage  .   j - +0 pair of gloves
Will     .....                  (no boots)
Stlth    ++........             w - amulet of regeneration
HPRegen  1.16/turn              f - +6 ring of strength
MPRegen  0.15/turn              k - +4 ring of slaying

@: about to teleport
A: sickness immunity, AC +7, negative energy resistance 1, electricity
resistance, torment resistance 1, petrification resistance
a: Renounce Religion, Depart the Abyss, Bend Space


You were on level 9 of the Dungeon.
You worshipped Lugonu.
Lugonu was pleased with you.
You visited 2 branches of the dungeon, and saw 11 of its levels.
You visited the Abyss 1 time.
You also visited: Ossuary.

You collected 1938 gold pieces.
You spent 363 gold pieces at shops.
You paid 683 gold pieces to Gozag.

Inventory:

Hand Weapons
 r - a +4 mace of freezing (weapon)
Missiles
 b - 131 stones
 i - 58 sling bullets
 y - a throwing net
 I - 2 curare-tipped darts
Armour
 c - a +0 robe
 h - a +0 helmet (worn)
 j - a +0 pair of gloves (worn)
 q - a +2 cloak (worn)
 H - a +2 robe of cold resistance (worn)
Magical Staves
 v - a staff of death
Jewellery
 e - an amulet of the acrobat
 f - a +6 ring of strength (left hand)
 k - a +4 ring of slaying (right hand)
 m - a ring of flight
 w - an amulet of regeneration (around neck)
 z - a +6 ring of strength
 K - a ring of willpower
Wands
 n - a wand of acid (21)
 C - a wand of flame (20)
 D - a wand of iceblast (12)
 G - a wand of polymorph (21)
Scrolls
 a - 3 scrolls of amnesia
 d - 2 scrolls of immolation
 J - a scroll of brand weapon
 L - a scroll of enchant weapon
Potions
 g - 2 potions of haste
 l - 6 potions of heal wounds
 o - 3 potions of might
 p - a potion of resistance
 s - 2 potions of flight
 t - 8 potions of curing
 u - 3 potions of brilliance {unknown}
 x - 2 potions of magic
 A - a potion of degeneration {unknown}
 E - 3 potions of attraction {unknown}
 F - a potion of lignification
 M - 2 potions of cancellation {unknown}


   Skills:
 - Level 1.5 Dodging
 - Level 2.1 Stealth
 - Level 5.2 Spellcasting
 - Level 9.9 Conjurations
 + Level 4.9 Necromancy
 - Level 0.7 Transmutations
 - Level 12.0 Earth Magic


You couldn't memorise any spells.
You knew the following spells:

 Your Spells              Type           Power      Damage    Failure   Level
a - Sandblast             Erth           96%        2d20      1%          1
b - Passwall              Tmut/Erth      22%        N/A       1%          2
c - Stone Arrow           Conj/Erth      88%        3d12      1%          3
d - Lee's Rapid Deconstr  Erth           24%        3d14*     2%          5
e - Inner Flame           Hex/Fire       4%         N/A       36%         3
f - Agony                 Necr           22%        N/A       43%         5

Your spell library contained the following spells:

 Spells                   Type           Power      Damage    Failure   Level
 Animate Skeleton         Necr           44%        N/A       1%          1
 Foxfire                  Conj/Fire      88%        2x1d8     1%          1
 Pain                     Necr           88%        1d8       1%          1
 Shock                    Conj/Air       88%        1d8       1%          1
 Static Discharge         Conj/Air       22%        N/A       2%          2
 Conjure Flame            Conj/Fire      22%        6-21      4%          3
 Vampiric Draining        Necr           11%        2d7       5%          3
 Petrify                  Tmut/Erth      27%        N/A       10%         4
 Leda's Liquefaction      Hex/Erth       13%        N/A       11%         4
 Corona                   Hex            4%         N/A       13%         1
 Summon Small Mammal      Summ           16%        N/A       13%         1
 Animate Dead             Necr           11%        N/A       17%         4
 Sticky Flame             Conj/Fire      22%        2d4       17%         4
 Call Imp                 Summ           4%         N/A       21%         2
 Slow                     Hex            4%         N/A       21%         2
 Call Canine Familiar     Summ           4%         N/A       36%         3
 Portal Projectile        Hex/Tloc       8%         N/A       36%         3
 Summon Guardian Golem    Hex/Summ       4%         N/A       36%         3
 Swiftness                Air            4%         N/A       36%         3
 Fireball                 Conj/Fire      11%        3d7       43%         5
 Lightning Bolt           Conj/Air       11%        1d24      43%         5
 Airstrike                Air            2%         N/A       78%         4
 Cause Fear               Hex            2%         N/A       78%         4
 Summon Ice Beast         Ice/Summ       4%         N/A       78%         4
 Summon Lightning Spire   Summ/Air       4%         N/A       78%         4


Dungeon Overview and Level Annotations

Branches:
Dungeon (10/15)            Temple (1/1) D:7             Orc (0/2) D:9
Ossuary (visited)
   Lair: D:8-11

Altars:
Ashenzari
Cheibriados
Dithmenos
Elyvilon
Fedhas
Gozag
Hepliaklqana
Kikubaaqudgha
Makhleb
Nemelex Xobeh
Okawaru
Qazlal
Ru
Sif Muna
Trog
Uskayaw
Vehumet
Wu Jian
Xom
Yredelemnul
Zin
The Shining One

Shops:
D:7 *

Portals:
Abyss: D:7

Annotations:
D:7 2 transporters, indyram44's ghost, novice DrCj


Innate Abilities, Weirdness & Mutations

You are immune to sickness and miasma.
Your stone body is resilient. (AC +7)
You are immune to poison.
You resist negative energy. (rN+)
You are resistant to electric shocks. (rElec)
You are resistant to unholy torment.
You are immune to petrification.


Message History

The stone arrow hits the yak!
The yak is almost dead.
A yak comes into view.
There is a stone staircase leading up here.
You barely miss the yak.
The yak is almost dead.
A yak comes into view.
Gozag incites the yak against you.
The yak bellows!
The yak goes berserk!
The yak gores you.
The yak rages.
The yak completely misses you.
You hear a bellow!
You thump the yak! You freeze the yak.
You kill the yak!
Lugonu accepts your kill.
A yak comes into view.
Gozag incites the yak against you.
The yak goes berserk!
The yak gores you but does no damage.
A yak comes into view.
You hear a bellow!
You closely miss the yak.
The yak bellows!
The yak gores you.
The yak rages.
You thump the yak! You freeze the yak.
The yak is moderately wounded.
The yak gores you! x3; The yak gores you but does no damage.
The yak completely misses you. The yak gores you. x2
* * * LOW HITPOINT WARNING * * *
You climb upwards.
There is a stone staircase leading down here.
Okay, then.
As you read the scroll of teleportation, it crumbles to dust.
You feel strangely unstable. The yak gores you!
* * * LOW HITPOINT WARNING * * *
The yak closely misses you. The yak barely misses you.
Gozag petitions for your drink to fail. The yak gores you but does no damage.
The yak gores you!
You die...

### #)# #..#... #.# #######...
### ##.# #......... ..# #..#
#......8.. #.###########'####
###......... ......##.........#
#.+.....#... .....<########.#.#
###.#.....#... .....>##.......#Y#
#...#....)#...
......##.###.###@###.###.....####
.........#...#.#Y#...# #........#
......##.###.#.#Y'.### #........#
......##.#...#...### #........#
......##.#.###.### ####'#####
.#######...#.)...# #..# ####
#####)##### ##.# ...# ###).####
#.#### ...# #.......# #.....


You could see 3 yaks.

Vanquished Creatures
  An unseen horror (D:6)
  Psyche (D:8)
  A kobold demonologist (D:9)
  A shadow (D:9)
  7 yaks
  Eustachio (D:4)
  A steam dragon (D:7)
  A water moccasin (D:7)
  3 orc warriors
  An ice beast (D:6)
  A sky beast (D:6)
  A necrophage (D:6)
  2 ogres
  3 centaurs
  4 phantoms
  3 kobold brigands
  A gnoll sergeant (D:9)
  A scorpion (D:5)
  A water moccasin skeleton (D:7)
  2 troll zombies (D:9)
  5 killer bees
  A bullfrog zombie (D:5)
  4 centaur zombies
  6 hounds
  5 orc priests
  2 jellies
  An iguana (D:6)
  Natasha (twice) (D:4)
  Terence (D:3)
  8 orc wizards
  A killer bee zombie (D:9)
  5 ogre zombies (D:9)
  A hound skeleton (D:4)
  8 mummies (Ossuary)
  A howler monkey zombie (D:8)
  3 gnolls (D:9)
  5 adders
  2 shadow imps
  An adder zombie (D:5)
  2 adder skeletons (D:4)
  3 worms
  2 dart slugs
  34 orcs
  8 ball pythons
  A bat (D:2)
  9 endoplasms
  A giant cockroach (D:1)
  2 gnoll zombies (Ossuary)
  4 goblins
  8 hobgoblins
  8 jackals
  2 quokkas
  3 frilled lizards
  2 goblin zombies (D:9)
  7 hobgoblin zombies
  13 kobolds
  4 orc skeletons (D:9)
  17 orc zombies
  4 rats
233 creatures vanquished.

Vanquished Creatures (collateral kills)
  A ball python (D:4)
1 creature vanquished.

Vanquished Creatures (others)
  An orc (D:8)
  A fungus (D:3)
  3 toadstools (D:3)
5 creatures vanquished.

Grand Total: 239 creatures vanquished

Notes
Turn   | Place    | Note
-------+----------+-------------------------------------------
     0 | D:1      | hilljack the Gargoyle Earth Elementalist began the quest
                  | for the Orb.
     0 | D:1      | Reached XP level 1. HP: 10/10 MP: 3/3
    76 | D:1      | Reached skill level 4 in Earth Magic
   286 | D:1      | Reached XP level 2. HP: 11/15 MP: 1/5
   391 | D:1      | Found a faded altar of an unknown god.
   402 | D:1      | Became a worshipper of Gozag Ym Sagoz the Greedy
   938 | D:1      | Reached XP level 3. HP: 19/19 MP: 6/6
  1169 | D:2      | Reached skill level 5 in Earth Magic
  2019 | D:3      | Learned a level 2 spell: Passwall
  2023 | D:3      | Learned a level 3 spell: Stone Arrow
  2551 | D:3      | Noticed Terence
  2561 | D:3      | Reached XP level 4. HP: 24/24 MP: 4/7
  2574 | D:3      | Killed Terence
  2575 | D:3      | Reached skill level 1 in Conjurations
  2650 | D:3      | Reached skill level 6 in Earth Magic
  3178 | D:4      | Reached XP level 5. HP: 26/28 MP: 8/8
  3440 | D:4      | Noticed an ogre
  3447 | D:4      | Killed an ogre
  3448 | D:4      | Reached XP level 6. HP: 32/32 MP: 4/9
  3514 | D:4      | Noticed Natasha
  3520 | D:4      | Killed Natasha
  3521 | D:4      | Reached skill level 7 in Earth Magic
  4139 | D:4      | Noticed Eustachio
  4147 | D:4      | Killed Eustachio
  4148 | D:4      | Reached XP level 7. HP: 31/36 MP: 4/10
  4493 | D:4      | Noticed Natasha
  4495 | D:4      | Killed Natasha
  4827 | D:5      | Entered Level 5 of the Dungeon
  4949 | D:5      | Reached skill level 8 in Earth Magic
  4950 | D:5      | Reached skill level 5 in Conjurations
  5875 | D:6      | Killed an unseen horror
  5876 | D:6      | Reached skill level 9 in Earth Magic
  5876 | D:6      | Reached XP level 8. HP: 41/41 MP: 8/11
  6056 | D:6      | Learned a level 5 spell: Lee's Rapid Deconstruction
  6285 | D:6      | Reached skill level 10 in Earth Magic
  6674 | D:7      | Found a sand-covered staircase.
  6688 | Ossuary  | Entered an ossuary
  6858 | Ossuary  | Reached XP level 9. HP: 45/45 MP: 7/12
  7175 | D:7      | Found a shadowy altar of Dithmenos.
  7533 | D:7      | You are sucked into a shaft and drop 3 floors!
  7533 | D:10     | Entered Level 10 of the Dungeon
  7763 | D:7      | Reached skill level 11 in Earth Magic
  7868 | D:7      | Bought a scroll of identify for 66 gold pieces
  7868 | D:7      | Bought a scroll labelled MUMPAN ASABA for 33 gold pieces
  8000 | D:7      | Found a transporter.
  8011 | D:7      | Noticed indyram44's ghost (novice DrCj)
  8062 | D:7      | Found a one-way gate to the infinite horrors of the Abyss.
  8145 | D:7      | Found a transporter.
  8165 | D:7      | Noticed an ancient zyme
  8183 | D:7      | Found a staircase to the Ecumenical Temple.
  8191 | Temple   | Entered the Ecumenical Temple
  8482 | D:7      | Bought a fluorescent wand for 132 gold pieces
  8482 | D:7      | Bought a glowing fluorescent wand for 132 gold pieces
  9021 | D:7      | Learned a level 3 spell: Inner Flame
  9028 | D:7      | Reached XP level 10. HP: 17/50 MP: 6/16
  9325 | D:8      | Reached skill level 5 in Spellcasting
  9434 | D:8      | Noticed Psyche
  9450 | D:8      | Cast into level 1 of the Abyss (Psyche)
  9458 | Abyss:1  | Found a corrupted altar of Lugonu.
  9470 | Abyss:1  | Fell from the grace of Gozag
  9470 | Abyss:1  | Became a worshipper of Lugonu the Unformed
  9470 | Abyss:1  | Reached * piety under Lugonu
  9498 | Abyss:1  | Noticed an eidolon
  9529 | D:8      | Escaped the Abyss
  9713 | D:8      | Reached skill level 12 in Earth Magic
  9738 | D:8      | Killed Psyche
 10214 | D:9      | Learned a level 5 spell: Agony
 10360 | D:9      | Reached skill level 1 in Necromancy
 10483 | D:9      | Found a staircase to the Orcish Mines.
 10483 | D:9      | Noticed a kobold demonologist
 10588 | D:9      | Reached ** piety under Lugonu
 11242 | D:9      | Killed a kobold demonologist
 11627 | D:9      | Slain by a yak

Illustrated notes

Levels and vault maps discovered:
D:1:      wander_arrival_desolate, layout_rooms,
          hellmonk_ecumenical_altar_blasted, serial_corexii_hall,
          chequers_hall_statues_y, chequers_hall_statues_y,
          chequers_hall_statues_wall_a, chequers_hall_statues_y,
          corexii_hall_statues_t, corexii_hall_statues_s,
          minmay_misc_feat_pillars, chequers_serial_rivers_room_b
D:2:      layout_loops_ring
D:3:      layout_rooms, minmay_gold_behind_fungi, uniq_terence
D:4:      layout_loops_corners, grunt_ministairs_15, uniq_eustachio,
          uniq_natasha
D:5:      layout_basic, minivault_23, minmay_misc_feat_roman,
          minmay_misc_feat_rows
D:6:      layout_rooms, chequers_serial_rivers_large_b
D:7:      layout_basic, old_standard_altar, minmay_temple_entry_glassed_door,
          nicolae_ossuary_entry_ruins, gammafunk_ghost_abyssal_escape
D:8:      layout_loops_ring, kennysheep_generic_room_5, uniq_psyche
D:9:      layout_roguey, zombieorc2_lemuel, minmay_misc_feat_hallway
D:10:     cheibrodos_helix_gallery, layout_long_grid, lair_entry_dummy,
          serial_shops, shop_coins
Temple:   compressed_dpeg_circular_temple

Skill      XL: |  1  2  3  4  5  6  7  8  9 10 |
---------------+-------------------------------+-----
Earth Magic    | 4 5 6 7 9 10 11 12 | 12.0
Conjurations   | 2 3 4 6 8 9 |  9.9
Spellcasting   | 4 5 |  5.2
Necromancy     | 4 |  4.9
Dodging        | |  1.5
Stealth        | |  2.1
Transmutations | |  0.7

Action                   |  1- 3 |  4- 6 |  7- 9 | 10-12 || total
-------------------------+-------+-------+-------+-------++-------
Melee: Short sword       |    88 |    58 |    26 |       ||   172
       Unarmed           |    10 |       |       |       ||    10
       Mace              |       |       |   110 |   150 ||   260
 Cast: Sandblast         |    29 |    48 |   110 |       ||   187
       Stone Arrow       |       |       |    33 |    37 ||    70
       Lee's Rapid Decon |       |       |       |    10 ||    10
Invok: Call Merchant     |       |       |     1 |       ||     1
  Use: Scroll            |       |     5 |     9 |     5 ||    19
       Potion            |       |     3 |     1 |     2 ||     6
 Stab: Sleeping          |     2 |       |     1 |     1 ||     4
       Distracted        |       |       |     1 |       ||     1
Armor: Robe              |    42 |    27 |   167 |   107 ||   343
Dodge: Dodged            |    56 |    61 |    97 |   144 ||   358

Table legend: (Time is in decaauts)
 A = Elapsed time spent in this place.
 B = Non-inter-level travel time spent in this place.
 C = Inter-level travel time spent in this place.
 D = Time resting spent in this place.
 E = Time spent auto-exploring this place.
 F = Levels seen in this place.
 G = Mean time per level.
                   A        B        C        D        E       F      G
               +--------+--------+--------+--------+--------+-----+--------+
         Total |  11774 |  11422 |    352 |   2705 |   6394 |  13 |  905.7 |
       Dungeon |  11170 |  10828 |    342 |   2703 |   6011 |  10 | 1117.0 |
        Temple |     85 |     76 |      9 |      0 |     76 |   1 |   85.0 |
         Abyss |     79 |     79 |      0 |      0 |      0 |   1 |   79.0 |
       Ossuary |    439 |    439 |      0 |      2 |    307 |   1 |  439.0 |
               +--------+--------+--------+--------+--------+-----+--------+

Top non-repeatable levels by time:
     D:4: 1946 daAuts
     D:7: 1884 daAuts
     D:8: 1257 daAuts
     D:9: 1255 daAuts
     D:1: 1165 daAuts
     D:5: 976 daAuts
     D:3: 901 daAuts
     D:6: 872 daAuts
     D:2: 846 daAuts
 Ossuary: 439 daAuts
  Temple: 85 daAuts
 Abyss:1: 79 daAuts
    D:10: 62 daAuts
